 Dungeon Crawl Stone Soup version 0.29-a0-857-g9b1aa3ac5b (webtiles) character file.

Game seed: 15236513772668052409

1990705 magipi the Acrobat (level 27, 207/207 HPs)
             Began as a Merfolk Berserker on July 15, 2022.
             Was a High Priest of Trog.
             Escaped with the Orb
             ... and 4 runes on July 16, 2022!
             The game lasted 04:52:16 (91183 turns).

magipi the Acrobat (Merfolk Berserker)             Turns: 91183, Time: 04:52:16

Health: 207/207    AC: 48    Str: 24    XL:     27
Magic:  7/7        EV: 18    Int: 14    God:    Trog [*****.]
Gold:   5390       SH: 28    Dex: 15    Spells: 26/26 levels left

rFire   + + .      SeeInvis .   b - +9 demon trident (antimagic)
rCold   + . .      Faith    .   I - +2 tower shield of the Gnashing Gods {rPois Int+4}
rNeg    . . .      Spirit   .   p - +12 gold dragon scales
rPois   +          Reflect  +   (helmet restricted)
rElec   +          Harm     .   D - +4 dragonskin cloak
rCorr   +          Rampage  +   c - +2 pair of gloves {infuse}
Will    ++...      Clarity  +   C - +2 pair of boots {rampage}
Stlth   ..........              r - amulet of reflection
HPRegen 0.44/turn               f - ring "Wedivaps" {rF+ EV+4}
MPRegen 0.10/turn               o - ring of Xaneis {rElec rCorr Str-2 Slay+2}

@: studying Long Blades
A: (nimble swimmer 2), mertail, horns 1, clarity, frail 1, screaming 1,
evolution 1
0: Orb of Zot
}: 4/15 runes: serpentine, barnacled, slimy, silver
a: Renounce Religion, Berserk, Trog's Hand, Brothers in Arms


You escaped.
You worshipped Trog.
Trog was extremely pleased with you.
You visited 10 branches of the dungeon, and saw 53 of its levels.
You visited the Abyss 1 time.

You collected 8811 gold pieces.
You spent 3421 gold pieces at shops.

Inventory:

Hand Weapons
 a - a +9 demon trident of electrocution
   (You acquired it on level 1 of the Depths)
 b - a +9 antimagic demon trident (weapon)
   (Trog gifted it to you on level 2 of the Shoals)
Missiles
 l - 4 curare-tipped darts
 J - 5 boomerangs (quivered)
 P - 20 javelins
 W - 5 throwing nets
 Z - 5 silver javelins
Armour
 c - a +2 pair of gloves of infusion (worn)
   (You acquired it on level 12 of the Dungeon)
 p - +12 gold dragon scales (worn)
   (You took it off Parghit on level 4 of the Depths)
 w - a +2 helmet of see invisible
   (You found it on level 5 of the Pits of Slime)
 C - a +2 pair of boots of rampaging (worn)
   (You found it on level 3 of the Elven Halls)
 D - the +4 dragonskin cloak (worn)
   (You took it off Tiamat on level 1 of the Realm of Zot)

   It grants the wearer a chance to resist fire, cold, poison, electricity,
   acid, and negative energy.
 I - the +2 tower shield of the Gnashing Gods (worn) {rPois Int+4}
   (You found it on level 5 of the Pits of Slime)

   Int:       It affects your intelligence (+4).
   rPois:     It protects you from poison.
Jewellery
 f - the ring "Wedivaps" (left hand) {rF+ EV+4}
   (You acquired it on level 12 of the Dungeon)

   [ring of evasion]

   EV:        It affects your evasion (+4).
   rF:        It protects you from fire.
 i - the ring "Niofuch" {Fly rElec rF++ MP-9 SInv}
   (You took it off Tiamat on level 1 of the Realm of Zot)

   [ring of flight]

   rF:        It greatly protects you from fire.
   rElec:     It insulates you from electricity.
   MP:        It affects your magic capacity (-9).
   SInv:      It lets you see invisible.
   Fly:       It grants you flight.
 n - a ring of positive energy
   (You took it off a deep elf zephyrmancer on level 1 of the Elven Halls)
 o - the ring of Xaneis (right hand) {rElec rCorr Str-2 Slay+2}
   (You found it on level 4 of the Shoals)

   [ring of resist corrosion]

   Str:       It affects your strength (-2).
   Slay:      It affects your accuracy & damage with ranged weapons and melee
   (+2).
   rElec:     It insulates you from electricity.
   rCorr:     It protects you from acid and corrosion.
 r - an amulet of reflection (around neck)
   (You bought it in a shop on level 2 of the Dungeon)
Wands
 d - a wand of digging (2)
   (You found it on level 7 of the Dungeon)
 j - a wand of roots (27)
   (You took it off Sigmund on level 3 of the Dungeon)
 q - a wand of polymorph (29)
   (You found it on level 3 of the Dungeon)
 u - a wand of mindburst (6)
   (You found it on level 2 of the Shoals)
 E - a wand of acid (5)
   (You found it on level 3 of the Elven Halls)
 N - a wand of paralysis (28)
   (You found it on level 4 of the Dungeon)
Scrolls
 e - 6 scrolls of fog
 m - 2 scrolls of magic mapping
 v - 4 scrolls of enchant armour
 x - 8 scrolls of immolation
 y - a scroll of summoning
 F - 7 scrolls of fear
 G - 17 scrolls of teleportation
 M - a scroll of blinking
 Y - 3 scrolls of silence
Potions
 k - 4 potions of cancellation
 z - 3 potions of flight
 A - 11 potions of mutation
 B - 15 potions of curing
 K - 5 potions of invisibility
 O - 8 potions of might
 Q - 7 potions of heal wounds
 S - 6 potions of lignification
 U - 11 potions of ambrosia
 X - 4 potions of resistance
Miscellaneous
 h - a lightning rod (4/4)
   (You found it on level 3 of the Elven Halls)
 t - a phial of floods
   (You found it on level 4 of the Shoals)
 H - a tin of tremorstones (2/2)
   (You found it on level 3 of the Depths)
 L - a phantom mirror
   (You found it on level 6 of the Lair of Beasts)
 R - a box of beasts
   (You found it on level 12 of the Dungeon)
 V - a condenser vane
   (You found it on level 3 of the Elven Halls)


   Skills:
 - Level 22.0 Fighting
 - Level 14.0 Polearms
 - Level 17.0 Throwing
 + Level 19.4 Armour
 + Level 26.0 Dodging
 - Level 20.0 Shields
 - Level 20.0 Evocations


You had 26 spell levels left.
You didn't know any spells.
Your spell library was empty.

Dungeon Overview and Level Annotations

Branches:
Dungeon (15/15)            Temple (0/1) D:4            Lair (6/6) D:8
 Shoals (4/4) Lair:4        Snake (4/4) Lair:2        Slime (5/5) Lair:5
    Orc (2/2) D:10            Elf (3/3) Orc:2        Vaults (5/5) D:13
  Crypt (0/3) Vaults:3     Depths (4/4) D:15            Zot (5/5) Depths:4

Altars:
Fedhas
Kikubaaqudgha
Nemelex Xobeh
Sif Muna
Xom
Yredelemnul
Zin
Jiyva

Shops:
D:2 =   Orc:2 *([=   Elf:1 (   Elf:2 **[   Shoals:4 ?   Snake:2 *((   Snake:3 *
Vaults:1 *   Vaults:3 [*:=(

Portals:
Hell: Depths:1 Depths:2 Depths:3 Depths:4
Abyss: Depths:1 Depths:3
Pandemonium: Depths:1 Depths:2 Depths:3 Depths:4
Ziggurat: Depths:1
Trove: D:10 (give 9 potions of haste)

Annotations:
D:8 3 runed translucent doors, Torious's ghost, novice DECj
D:14 1 runed translucent door, Notad's ghost, journeyman TrMo
Snake:1 2 transporters
Snake:2 Roxanne
Elf:2 3 runed translucent doors
Depths:1 3 runed translucent doors, Ceecw's ghost, journeyman MiBe
Depths:2 3 runed translucent doors, Vorhees's ghost, adept TrGl; Xuapopt's ghost, adept MiBe; inmateoo's ghost, veteran MiFi
Zot:2 3 runed translucent doors, Xiuhytzi's ghost, adept MiFi


Innate Abilities, Weirdness & Mutations

((You are very nimble when in or above water. (Stealth+, EV+, Speed+++)))
Your lower body shifts to a powerful aquatic tail in water.
You have a pair of small horns on your head.
You possess an exceptional clarity of mind.
You are frail. (-10% HP)
You occasionally shout uncontrollably at your foes.
You have hidden genetic potential.


Message History

You climb upwards.
There is a stone staircase leading down here.
There is a stone staircase leading up here.
You climb upwards.
There is a stone staircase leading down here.
An Orb Guardian comes into view.
You yell at the Orb Guardian!
Aiming: Dig
Press: ? - help, Shift-Dir - straight line A rock wall.
This square is covered in magical glow.
The rock shatters into small pieces.
There is a stone staircase leading up here.
You climb upwards.
There is a stone staircase leading down here.
(D) Dungeon (T) Temple (L) Lair (A) Shoals (P) Snake Pit (M) Slime Pits (O) Orcish Mines (E) Elven Halls (V) Vaults (C) Crypt (U) Depths (H) Hell (Z) Zot
Where to? (Enter - D:1 @ (x,y), ? - help)
There is a stone staircase leading up here.
You climb upwards.
There is a stone staircase leading down here.
There is a stone staircase leading up here.
You climb upwards.
There is a stone staircase leading down here.
HP restored.
There is a stone staircase leading up here.
You climb upwards.
There is a stone staircase leading down here.
An Orb Guardian comes into view.
Unknown command.
Unknown command.
A blizzard demon comes into view.
The blizzard demon gestures at you.
The freezing blast engulfs you but does no damage.
You are engulfed in freezing vapours.
You resist.
The blizzard demon is engulfed in freezing vapours.
The Orb Guardian is engulfed in freezing vapours.
Okay, then.
Unknown command.
Okay, then.
Unknown command.
Your troll goes berserk!
The Orb Guardian is engulfed in freezing vapours.
Unknown command.
The Orb Guardian attacks as you move away!
You block the Orb Guardian's attack.
Your troll closely misses the Orb Guardian. x2
Your troll misses the Orb Guardian. You block the Orb Guardian's attack.
Your troll bites the Orb Guardian.
Your troll misses the Orb Guardian.
Your troll closely misses the Orb Guardian.
The Orb Guardian attacks as you move away!
The Orb Guardian hits you but does no damage.
Your troll misses the Orb Guardian.
Your troll claws the Orb Guardian!!
Your troll barely misses the Orb Guardian.
The Orb Guardian hits your troll!
Your troll bites the Orb Guardian but does no damage.
Your troll claws the Orb Guardian but does no damage.
Your troll claws the Orb Guardian!
The Orb Guardian hits your troll!!
Your troll closely misses the Orb Guardian.
Your troll claws the Orb Guardian but does no damage.
Your troll closely misses the Orb Guardian.
Your troll completely misses the Orb Guardian.
Your troll barely misses the Orb Guardian.
Your troll claws the Orb Guardian!
The Orb Guardian closely misses your troll.
The blizzard demon hits your troll! The blizzard demon hits your troll.
As you read the scroll of summoning, it crumbles to dust.
Wisps of shadow whirl around you...
Your troll bites the Orb Guardian!!
The Orb Guardian dies!
Trog accepts your kill. The blizzard demon hits your troll!
Your troll dies!
Your troll's corpse disappears in a puff of smoke!
Your hobgoblin barely misses the blizzard demon.
You swap places.
The blizzard demon hits your hobgoblin!
Your hobgoblin dies!
Your hobgoblin's corpse dissolves into shadows!
You see here a +1 vorpal falchion.
You see here a +0 hand axe.
Your hobgoblin hits the blizzard demon but does no damage.
The blizzard demon waves its arms in wide circles.
The air twists around and strikes you.
Your hobgoblin hits the blizzard demon but does no damage.
Something hits your hobgoblin!
Your hobgoblin dies!
Your hobgoblin's corpse dissolves into shadows!
A Brimstone Fiend comes into view.
As you read the scroll of fog, it crumbles to dust.
The scroll dissolves into smoke.
The Brimstone Fiend moves out of view.
There is a staircase leading out of the dungeon here.
Okay, then.
Unknown command.
Unknown command.
Okay, then.
Unknown command.
Unknown command.
Unknown command.
You have escaped!

####..# ######.###.#
#....## #..1.......#
#.##.#####.###..##### #
#...............# ######
#.......#.......###.....
#......###......##.#.###
#.......#.........###...
#...............##.#.###
#...#..@#...#...###.####
#..###.###.###..###.....
#...#...#>..#...........
#..)...........####รท####
#.......#......# #.# ##
#......###.....####.###.
#.......#...............
##..............#######.
###########....# ##


There were no monsters in sight!

Vanquished Creatures
  the Royal Jelly (Slime:5)
  A dread lich (Vaults:5)
  8 orbs of fire
  3 ancient liches
  A juggernaut (Depths:2)
  Mennas (Vaults:5)
  3 Killer Klowns
  Saint Roka (Snake:4)
  6 curse toes
  16 golden dragons
  4 electric golems
  12 tentacled monstrosities
  Jorgrun (Orc:1)
  The ghost of Enfaeutchie the Destroyer, an adept DsVM of Sif Muna (Elf:3)
  Zenata (Vaults:4)
  2 liches
  A walking earthen tome (Depths:2)
  22 Orb Guardians (Zot:5)
  16 acid blobs
  A walking frostbound tome (Depths:2)
  2 deep elf master archers (Elf:3)
  2 deep elf blademasters
  13 death cobs
  6 titans
  8 quicksilver dragons
  Gastronok (D:12)
  An acid blob (shapeshifter) (Depths:3)
  8 sphinxes
  4 tengu reavers
  12 shadow dragons
  6 azure jellies
  Ilsuiw (Shoals:3)
  16 storm dragons
  10 rockslimes
  7 draconian monks
  8 fire giants
  10 frost giants
  6 draconian knights
  4 iron dragons (Zot:1)
  18 vault wardens
  5 deep elf sorcerers
  7 nagarajas
  4 draconian scorchers
  2 balrugs
  A cacodemon (D:9)
  7 deep elf elementalists
  5 draconian stormcallers
  6 draconian shifters
  4 draconian annihilators
  6 war gargoyles
  An angel (Depths:1)
  14 ironbound preservers
  A quicksilver ooze (shapeshifter) (Depths:3)
  12 quicksilver oozes
  A spriggan defender (Depths:2)
  A reaper (Depths:1)
  7 ironbound thunderhulks
  13 stone giants
  10 black draconians
  5 deep elf demonologists
  17 very ugly things
  17 green draconians
  18 yellow draconians
  3 vampire knights
  An eleionoma (shapeshifter) (Depths:3)
  11 dire elephants (Vaults:1)
  2 entropy weavers
  8 deep elf annihilators
  Azrael (D:12)
  12 purple draconians
  8 white draconians
  18 red draconians
  7 merfolk javelineers
  10 deep elf death magi
  9 ettins
  2 spark wasps (Depths:4)
  A blizzard demon (Depths:3)
  11 fire dragons
  5 merfolk impalers
  26 yaktaur captains
  7 boulder beetles
  3 salamander tyrants (Snake:4)
  4 deep elf high priests
  5 ogre magi
  8 hydras
  6 rakshasas
  A hell beast (Depths:4)
  12 great orbs of eyes
  28 vault guards
  4 spriggan air magi
  14 centaur warriors
  8 ironbound frosthearts
  A hydra (shapeshifter) (Vaults:4)
  A peacekeeper (Vaults:4)
  16 ice dragons
  2 merfolk avatars
  9 anacondas
  A catoblepas (shapeshifter) (Depths:3)
  3 alligators
  29 dancing weapons
  13 naga warriors
  18 death yaks
  2 catoblepae
  A satyr (Shoals:4)
  2 death knights
  8 merfolk aquamancers
  4 deep troll shamans
  16 two-headed ogres
  5 alligator snapping turtles
  2 hell hogs
  3 tengu warriors
  4 deep troll earth magi
  2 vampire magi (Vaults:3)
  3 spriggan berserkers
  9 naga sharpshooters
  14 hell knights
  Nergalle (Lair:2)
  20 deep elf knights
  6 sun demons
  4 shock serpents
  Sonja (D:12)
  8 spriggans
  3 sixfirhies
  2 soul eaters (Depths:4)
  6 iron trolls
  2 salamander mystics
  A skeletal warrior (Vaults:3)
  A glowing orange brain (shapeshifter) (Vaults:5)
  Amaemon (Lair:1)
  A sea snake (shapeshifter) (Depths:3)
  4 obsidian statues (Depths:3)
  13 deep elf archers
  10 glowing orange brains
  24 sea snakes
  A steelbarb worm (shapeshifter) (Vaults:5)
  7 necromancers
  41 deep trolls
  3 wizards
  Pikel (D:6)
  2 orange crystal statues
  31 deep elf pyromancers
  9 naga ritualists
  7 phantasmal warriors
  7 lindwurms
  13 ironbound convokers
  An orc knight (D:15)
  16 deep elf zephyrmancers
  13 harpies
  4 orc sorcerers
  55 ugly things
  13 mana vipers
  10 cyclopes
  A salamander (shapeshifter) (Vaults:5)
  5 shining eyes
  15 manticores
  A cyclops (shapeshifter) (Depths:3)
  9 fauns
  12 salamanders
  34 black mambas
  A moth of wrath (shapeshifter) (Vaults:4)
  19 elephants
  15 vault sentinels
  5 water nymphs
  10 merfolk sirens
  27 moths of wrath
  2 eyes of devastation (Slime:4)
  2 gargoyles
  2 guardian serpents
  5 smoke demons
  22 naga magi
  8 apocalypse crabs (Zot:3)
  A hellion (Depths:4)
  12 cane toads
  3 freezing wraiths
  Maggie (Lair:1)
  2 kobold demonologists
  4 unseen horrors
  5 rime drakes
  An orange demon (Depths:4)
  A yaktaur (shapeshifter) (Vaults:5)
  A rime drake (shapeshifter) (Depths:3)
  4 tengu conjurers
  2 efreet
  40 yaktaurs
  5 komodo dragons
  2 harpy zombies (Shoals:2)
  A hellwing (Depths:1)
  A troll (shapeshifter) (D:15)
  29 merfolk
  6 polar bears
  A meliai (shapeshifter) (Depths:2)
  15 trolls
  A queen bee (D:10)
  Prince Ribbit (D:5)
  8 hornets
  22 blink frogs
  5 wind drakes
  20 dream sheep
  10 snapping turtles
  A hornet (shapeshifter) (D:13)
  79 slime creatures
  Sigmund (D:3)
  A spriggan (shapeshifter) (Depths:3)
  2 ynoxinuls (Depths:1)
  16 water elementals
  10 air elementals
  2 wraiths
  32 yaks
  6 wyverns
  2 shadows
  A yak (shapeshifter) (Depths:2)
  Eustachio (D:5)
  28 fire elementals
  12 basilisks
  8 vampire mosquitoes
  5 golden eyes
  27 nagas
  2 wargs (Orc:1)
  4 acid dragons
  A hell hound (D:12)
  2 floating eyes (shapeshifter) (Vaults:5)
  Duvessa (D:5)
  3 floating eyes
  20 water moccasins
  2 ice beasts (D:6)
  23 orc warriors
  A sky beast (D:8)
  18 wolves
  6 black bears
  A manticore zombie (Shoals:2)
  10 boggarts
  26 ogres
  6 centaurs
  3 phantoms
  3 kobold brigands
  Blork the orc (D:4)
  3 necrophages
  13 bullfrogs
  A scorpion (D:5)
  A gnoll sergeant (D:10)
  7 earth elementals
  Dowan (D:5)
  27 killer bees
  9 howler monkeys
  5 electric eels
  A jelly (D:7)
  16 orc priests
  2 gnoll boudas (D:7)
  6 hounds
  Jessica (D:3)
  2 iguanas
  11 orc wizards
  A hell rat (Lair:5)
  8 ogre zombies (D:10)
  13 gnolls
  11 adders
  A shadow imp (D:6)
  3 white imps
  A worm (D:5)
  3 dart slugs
  75 orcs
  5 endoplasms
  5 giant cockroaches
  7 goblins
  4 hobgoblins
  2 jackals (D:4)
  12 kobolds
  2 quokkas (D:1)
  10 ball pythons
  6 bats
  3 frilled lizards
  A goblin skeleton (D:10)
  3 goblin zombies (D:10)
  2 hobgoblin skeletons (D:10)
  6 hobgoblin zombies (D:10)
  An orc skeleton (D:10)
  11 orc zombies (D:10)
  5 rats
  5 ball lightnings (Depths:3)
  A bush (D:3)
2233 creatures vanquished.

Vanquished Creatures (collateral kills)
  Tiamat (Zot:1)
  Parghit (Depths:4)
  Frederick (Vaults:4)
  Xtahua (Vaults:4)
  A tentacled monstrosity (Depths:4)
  Mlioglotl (Snake:1)
  4 Orb Guardians
  A sphinx (Depths:2)
  An ancient champion (Elf:3)
  A shadow dragon (Vaults:5)
  Agnes (Snake:4)
  A nagaraja (Snake:4)
  A vault warden (Vaults:5)
  A fire giant (Depths:2)
  Louise (Snake:3)
  2 draconian shifters
  A spriggan defender (Depths:1)
  A green draconian (Zot:4)
  A vampire knight (Depths:4)
  A yellow draconian (Zot:4)
  2 red draconians
  A rakshasa (Depths:2)
  A yaktaur captain (Vaults:4)
  A catoblepas (Lair:5)
  2 centaur warriors
  2 merfolk aquamancers
  2 death yaks
  A dancing weapon (Snake:3)
  A naga warrior (Snake:3)
  A naga sharpshooter (Snake:4)
  2 spriggan berserkers (Depths:2)
  A shock serpent (Snake:4)
  A deep troll (Vaults:4)
  An ironbound convoker (Vaults:4)
  3 manticores
  2 salamanders (Snake:3)
  A moth of wrath (Zot:4)
  A merfolk siren (Shoals:2)
  2 black mambas
  An orange demon (Lair:1)
  A yaktaur (Vaults:4)
  A merfolk (Shoals:3)
  A centaur (D:13)
  A bullfrog (Lair:5)
  A bat zombie (Shoals:2)
58 creatures vanquished.

Vanquished Creatures (others)
  A fire giant (Vaults:5)
  A draconian knight (Zot:3)
  A vampire knight (Depths:2)
  An ogre mage (D:13)
  A sun demon (Depths:4)
  2 deep elf knights
  2 deep elf zephyrmancers
  A black mamba (Snake:4)
  A centaur simulacrum (D:12)
  A steam dragon (shapeshifter) (Depths:3)
  A floating eye (shapeshifter) (Depths:3)
  A boggart (Depths:1)
  An orc (D:9)
  7 ball lightnings (Depths:3)
  3 bushes
  29 fungi
  107 plants
  4 tentacles (Shoals:3)
  4 withered plants (Depths:2)
169 creatures vanquished.

Grand Total: 2460 creatures vanquished

Notes
Turn   | Place    | Note
-------+----------+-------------------------------------------
     0 | D:1      | magipi the Merfolk Berserker began the quest for the Orb.
     0 | D:1      | Reached XP level 1. HP: 18/18 MP: 1/1
   146 | D:1      | Reached XP level 2. HP: 24/24 MP: 2/2
   215 | D:1      | Reached skill level 3 in Dodging
   369 | D:1      | Reached XP level 3. HP: 29/29 MP: 3/3
   605 | D:1      | Found a faded altar of an unknown god.
   774 | D:2      | Found Cosocott's Jewellery Boutique.
   816 | D:2      | Reached skill level 5 in Polearms
   891 | D:2      | Reached ** piety under Trog
   936 | D:2      | Reached XP level 4. HP: 29/37 MP: 4/4
  1386 | D:3      | Found a basalt altar of Yredelemnul.
  1497 | D:3      | Noticed Sigmund
  1527 | D:3      | Killed Sigmund
  1528 | D:3      | Reached skill level 4 in Dodging
  1528 | D:3      | Reached skill level 1 in Evocations
  1528 | D:3      | Reached XP level 5. HP: 37/42 MP: 5/5
  1528 | D:3      | Reached XP level 6. HP: 42/48 MP: 6/6
  1699 | D:3      | Noticed Jessica
  1708 | D:3      | Killed Jessica
  2032 | D:4      | Noticed Blork the orc
  2158 | D:4      | Found a staircase to the Ecumenical Temple.
  2307 | D:4      | Killed Blork the orc
  2516 | D:4      | Identified the +2 ring mail "Mirit" {-Cast rElec rPois
                  | Regen+}
  2686 | D:4      | Found a shimmering blue altar of Sif Muna.
  2768 | D:5      | Entered Level 5 of the Dungeon
  2768 | D:5      | Noticed Eustachio
  2861 | D:5      | Killed Eustachio
  2862 | D:5      | Reached XP level 7. HP: 55/55 MP: 7/7
  2930 | D:5      | Reached skill level 5 in Dodging
  3077 | D:5      | Noticed Prince Ribbit
  3094 | D:5      | Killed Prince Ribbit
  3095 | D:5      | Reached skill level 5 in Fighting
  3095 | D:5      | Reached XP level 8. HP: 62/62 MP: 8/8
  3371 | D:5      | Noticed Duvessa
  3371 | D:5      | Noticed Dowan
  3392 | D:5      | Killed Duvessa
  3398 | D:5      | Killed Dowan
  3409 | D:5      | Reached skill level 6 in Dodging
  3520 | D:5      | Reached *** piety under Trog
  3998 | D:5      | Reached XP level 9. HP: 69/69 MP: 9/9
  4256 | D:6      | Noticed Pikel
  4282 | D:6      | Killed Pikel
  4283 | D:6      | Reached skill level 10 in Polearms
  4283 | D:6      | Reached skill level 7 in Dodging
  4341 | D:6      | Found a sparkling altar of Nemelex Xobeh.
  4791 | D:7      | Noticed a two-headed ogre
  4813 | D:7      | Killed a two-headed ogre
  4814 | D:7      | Reached skill level 8 in Dodging
  4814 | D:7      | Reached skill level 5 in Evocations
  4814 | D:7      | Reached XP level 10. HP: 79/79 MP: 10/10
  5486 | D:8      | Found a staircase to the Lair.
  5500 | D:8      | Found a runed translucent gate.
  5516 | D:8      | Found a runed translucent gate.
  5517 | D:8      | Found a runed translucent gate.
  5518 | D:8      | Identified the +1 chain mail of the Seven Continents
                  | {+Blink rElec Regen+ Int-5}
  5520 | D:8      | Noticed Torious's ghost (novice DECj)
  5748 | D:8      | Reached **** piety under Trog
  5749 | D:8      | Reached skill level 1 in Throwing
  5789 | D:8      | Gained mutation: You are strong-willed. (Will+) [potion of
                  | mutation]
  5789 | D:8      | Gained mutation: You have supernaturally acute eyesight.
                  | (SInv) [potion of mutation]
  6398 | D:8      | Reached skill level 5 in Armour
  6508 | D:8      | Reached skill level 9 in Dodging
  6696 | D:9      | Reached XP level 11. HP: 86/86 MP: 11/11
  7140 | D:9      | Identified the +4 plate armour "Juhas" {Str+4}
  7857 | D:10     | Entered Level 10 of the Dungeon
  7917 | D:10     | Found a blossoming altar of Fedhas.
  8536 | D:10     | Reached ***** piety under Trog
  8562 | D:10     | Reached skill level 10 in Dodging
  8662 | D:10     | Found a staircase to the Orcish Mines.
  8686 | D:10     | Found a portal to a secret trove of treasure.
  8927 | D:10     | Received a gift from Trog
  9182 | D:11     | Noticed a two-headed ogre
  9260 | D:11     | Killed a two-headed ogre
  9261 | D:11     | Reached skill level 1 in Shields
  9351 | D:11     | Noticed a brown ugly thing
  9370 | D:11     | Killed a brown ugly thing
  9426 | D:11     | Reached XP level 12. HP: 79/95 MP: 12/12
  9431 | D:11     | Noticed a tengu warrior
  9431 | D:11     | Noticed a boulder beetle
  9431 | D:11     | Noticed a centaur warrior
  9432 | D:11     | Noticed a centaur warrior
  9432 | D:11     | Noticed a five-headed hydra
  9815 | D:12     | Noticed Gastronok
  9870 | D:12     | Killed Gastronok
  9997 | D:12     | Reached skill level 5 in Throwing
 10026 | D:12     | Noticed Sonja
 10028 | D:12     | Killed Sonja
 10063 | D:12     | Identified 2 scrolls of acquirement
 10063 | D:12     | Acquired the ring "Wedivaps" {rF+ EV+4}
 10072 | D:12     | Acquired a +1 pair of gloves of infusion
 10227 | D:12     | Reached skill level 11 in Dodging
 10279 | D:12     | Noticed Azrael
 10293 | D:12     | Killed Azrael
 10744 | D:12     | Noticed a two-headed ogre
 10755 | D:12     | Killed a two-headed ogre
 10843 | D:12     | Noticed a two-headed ogre
 10856 | D:12     | Killed a two-headed ogre
 10925 | D:12     | Reached skill level 10 in Fighting
 11194 | D:8      | Reached XP level 13. HP: 101/103 MP: 2/13
 11209 | Lair:1   | Entered Level 1 of the Lair of Beasts
 11328 | Lair:1   | Noticed Amaemon
 11343 | Lair:1   | Killed Amaemon
 11435 | Lair:1   | Noticed Maggie
 11451 | Lair:1   | Killed Maggie
 11573 | Lair:1   | Identified the +1 scale mail "Vuqiod" {Rampage rCorr}
 12414 | Lair:1   | Reached skill level 12 in Dodging
 12584 | Lair:2   | Reached skill level 5 in Shields
 12778 | Lair:2   | Found a staircase to the Snake Pit.
 13483 | Lair:2   | Identified the +9 flail "Caackeic" {elec, rF+ rN+ Will+
                  | Str-2}
 13975 | Lair:2   | Noticed Nergalle
 13989 | Lair:2   | Killed Nergalle
 15195 | Lair:4   | Reached XP level 14. HP: 111/113 MP: 0/14
 15195 | Lair:4   | Identified the +5 executioner's axe of Dagiss {antimagic,
                  | rC- Int+4 Stlth+}
 15582 | Lair:4   | Reached skill level 13 in Dodging
 15606 | Lair:4   | Found a staircase to the Shoals.
 17153 | Lair:5   | Found a viscous altar of Jiyva.
 17153 | Lair:5   | Found a staircase to the Slime Pits.
 17373 | Lair:5   | Reached skill level 10 in Evocations
 18649 | Lair:6   | Entered Level 6 of the Lair of Beasts
 19315 | Lair:6   | Reached skill level 14 in Dodging
 19499 | Lair:6   | Reached XP level 15. HP: 91/121 MP: 0/15
 20780 | Orc:1    | Entered Level 1 of the Orcish Mines
 20890 | Orc:2    | Entered Level 2 of the Orcish Mines
 20890 | Orc:2    | Found a staircase to the Elven Halls.
 21567 | Orc:1    | Noticed Jorgrun
 21586 | Orc:1    | Killed Jorgrun
 22040 | Orc:2    | Reached skill level 15 in Dodging
 22261 | Orc:2    | Found Leckoyha's Armour Shoppe.
 22262 | Orc:2    | Found Guczas's General Store.
 22437 | Orc:2    | Found Witwer's Jewellery Boutique.
 22437 | Orc:2    | Found Eprap's Antique Weapon Shoppe.
 22449 | Orc:2    | Bought a scroll of teleportation for 39 gold pieces
 22449 | Orc:2    | Bought a potion of curing for 39 gold pieces
 22449 | Orc:2    | Bought a potion of invisibility for 104 gold pieces
 22450 | Orc:2    | Bought a +0 kite shield for 45 gold pieces
 22839 | D:12     | Noticed a sphinx
 22869 | D:12     | Killed a sphinx
 23215 | D:12     | Identified the amulet "Pymacoqy" {Spirit Str+3}
 23391 | D:12     | Reached skill level 10 in Throwing
 23432 | D:12     | Identified the -2 cloak of Serendipity {*Corrode rF+
                  | Regen+}
 23643 | D:13     | Reached XP level 16. HP: 130/130 MP: 9/16
 24055 | D:13     | Found a gate to the Vaults.
 25347 | D:14     | Found a runed translucent door.
 26342 | D:14     | Found a shimmering altar of Xom.
 26342 | D:14     | Noticed Notad's ghost (journeyman TrMo)
 26636 | D:15     | Entered Level 15 of the Dungeon
 27176 | D:15     | Acquired the +4 demon trident "Vurit" {drain, rC+ Str+3}
 27306 | D:15     | Found a staircase to the Depths.
 27580 | D:15     | Reached skill level 16 in Dodging
 27837 | D:15     | Reached skill level 10 in Shields
 28763 | Snake:1  | Entered Level 1 of the Snake Pit
 28775 | Snake:1  | Found a transporter.
 29005 | D:2      | Bought an amulet of reflection for 390 gold pieces
 29299 | Snake:1  | Reached XP level 17. HP: 119/139 MP: 0/17
 29438 | Snake:1  | Reached skill level 10 in Armour
 30046 | Snake:1  | Noticed Mlioglotl
 30060 | Snake:1  | Killed Mlioglotl
 30170 | Snake:1  | Found a transporter.
 30225 | Snake:2  | Found Cusoh's General Store.
 30251 | Snake:2  | Noticed Roxanne
 30322 | Snake:2  | Found Mubeb's Antique Weapon Shop.
 30408 | Snake:2  | Found Cyenin's Weapon Shop.
 31020 | Snake:2  | Received a gift from Trog
 31680 | Snake:3  | Noticed Louise
 31682 | Abyss:2  | Cast into level 2 of the Abyss (Louise)
 31710 | Snake:3  | Escaped the Abyss
 31729 | Snake:3  | Killed Louise
 31760 | Snake:3  | Found a sparkling altar of Nemelex Xobeh.
 32239 | Snake:4  | Entered Level 4 of the Snake Pit
 32246 | Snake:4  | Reached skill level 17 in Dodging
 32424 | Snake:3  | Found Jellau Mifru's Assorted Antiques.
 32475 | Snake:3  | Bought a scroll of teleportation for 117 gold pieces
 32475 | Snake:3  | Bought a scroll of teleportation for 117 gold pieces
 32475 | Snake:3  | Bought a scroll of immolation for 156 gold pieces
 32741 | Snake:4  | Noticed Agnes
 32756 | Snake:4  | Killed Agnes
 32981 | Snake:4  | Reached XP level 18. HP: 148/148 MP: 4/18
 33336 | Snake:4  | Reached skill level 15 in Fighting
 33818 | Snake:4  | Received a gift from Trog
 33823 | Snake:4  | Noticed Saint Roka
 33886 | Snake:4  | Killed Saint Roka
 33938 | Snake:4  | Got a serpentine rune of Zot
 34343 | Shoals:1 | Entered Level 1 of the Shoals
 35156 | Shoals:1 | Reached skill level 18 in Dodging
 35458 | Shoals:2 | Reached ****** piety under Trog
 35494 | Shoals:2 | Received a gift from Trog
 35895 | Shoals:2 | Reached XP level 19. HP: 143/157 MP: 0/19
 36100 | Shoals:3 | Noticed Ilsuiw
 36337 | Shoals:3 | Killed Ilsuiw
 36837 | Shoals:4 | Entered Level 4 of the Shoals
 37283 | Shoals:4 | Identified the +4 quarterstaff of Breach {spect, *Rage
                  | rPois rF- rC+++}
 38290 | Shoals:4 | Found Ruvuus's Magic Scroll Emporium.
 38481 | Shoals:4 | Received a gift from Trog
 38505 | Shoals:4 | Got a barnacled rune of Zot
 38541 | Shoals:4 | Identified the ring "Hasiryecobb" {Drain Fly MP+9 Str+3
                  | Slay+3}
 38589 | Shoals:4 | Identified the ring of Xaneis {rElec rCorr Str-2 Slay+2}
 38904 | Elf:1    | Entered Level 1 of the Elven Halls
 39031 | Elf:1    | You fall into a shaft and drop 1 floor!
 39171 | Elf:2    | Found Amymupp's Antique Armour Shoppe.
 39173 | Elf:2    | Found Gobisun's General Store.
 39175 | Elf:2    | Found Oguottoke's General Store.
 39235 | Elf:2    | Bought 2 silver boomerangs for 51 gold pieces
 39235 | Elf:2    | Bought a scroll of immolation for 68 gold pieces
 39237 | Elf:2    | Bought a runed cloak for 187 gold pieces
 39248 | Elf:2    | Bought a runed cloak for 187 gold pieces
 39307 | Elf:2    | Reached skill level 19 in Dodging
 39584 | Elf:1    | Found Syocsale's Antique Weapon Emporium.
 39966 | Elf:1    | Received a gift from Trog
 40144 | Elf:1    | Reached XP level 20. HP: 165/166 MP: 14/20
 41024 | Elf:2    | Paralysed by an air elemental for 1 turns
 41026 | Elf:2    | Paralysed by an air elemental for 1 turns
 41308 | Elf:2    | Identified the +5 mace "Xyothaz" {elec, rF- Str+5}
 41435 | Elf:2    | Found a runed translucent gate.
 41435 | Elf:2    | Found a runed translucent gate.
 41436 | Elf:2    | Found a runed translucent gate.
 41498 | Elf:3    | Entered Level 3 of the Elven Halls
 41531 | Elf:3    | Found a runed translucent door.
 41652 | Elf:3    | Received a gift from Trog
 41712 | Elf:2    | Found a shimmering blue altar of Sif Muna.
 41720 | Elf:2    | Reached skill level 15 in Evocations
 41857 | Elf:3    | Identified the +6 war axe "Demonslayer" {vorpal, rN++}
 42060 | Elf:3    | Noticed Enfaeutchie's ghost (adept DsVM)
 43190 | Elf:3    | Identified the +4 leather armour of the Eternal Fruit
                  | {Int+3 Dex+4}
 43287 | Elf:3    | Identified the +3 long sword of the Pyrrhic Victory {pain,
                  | rC+++ rCorr MP+9 Str-4 Dex-3}
 43398 | Elf:3    | Identified the +6 shortbow "Hafeyzu" {vorpal, rElec Will+
                  | Int-5 Dex+2}
 43466 | Elf:3    | Identified the +7 dire flail of Raxke {vorpal, rPois Will-
                  | Dex+7 SInv}
 43477 | Elf:3    | Gained mutation: You are robust. (+10% HP) [a neqoxec]
 43487 | Elf:3    | Identified the +7 morningstar of Conscience {vorpal, rPois
                  | Int+5}
 43529 | Elf:3    | Identified the +4 halberd of Rosaysh {spect, *Rage Str+3}
 43529 | Elf:3    | Identified the amulet "Juewaargh" {RegenMP Fly Dex+4}
 43931 | Elf:3    | Found a runed translucent door.
 44396 | Elf:3    | Killed Enfaeutchie's ghost
 44411 | Elf:3    | Identified the +1 hat of Past Mistakes {rElec rF+ Str-5}
 44766 | Shoals:4 | Bought a scroll of blinking for 105 gold pieces
 44766 | Shoals:4 | Bought 3 scrolls of teleportation for 126 gold pieces
 44766 | Shoals:4 | Bought 3 scrolls of immolation for 168 gold pieces
 45102 | Vaults:1 | Entered Level 1 of the Vaults
 45167 | Vaults:1 | Reached skill level 20 in Dodging
 45417 | Vaults:1 | Identified the +8 whip of Light {speed, rElec rC+}
 45989 | Vaults:1 | Reached XP level 21. HP: 171/191 MP: 16/21
 47307 | Vaults:1 | Found Aluqu's Assorted Antiques.
 47315 | Vaults:1 | Bought a scroll of teleportation for 126 gold pieces
 47315 | Vaults:1 | Bought a scroll of magic mapping for 315 gold pieces
 48410 | Vaults:2 | Received a gift from Trog
 49835 | Vaults:2 | Reached skill level 15 in Throwing
 50448 | Vaults:3 | Found Umunesei's Antique Armour Boutique.
 50455 | Vaults:3 | Found Ytiorr's Assorted Antiques.
 50469 | Vaults:3 | Found Kijaafaz's Book Shop.
 50514 | Vaults:3 | Found Hohuluyn's Jewellery Shop.
 50527 | Vaults:3 | Found a staircase to the Crypt.
 51236 | Vaults:3 | Found Urrif's Antique Weapon Shoppe.
 52279 | Vaults:3 | Bought a faintly glowing plate armour for 756 gold pieces
 52279 | Vaults:3 | Identified the +2 plate armour "Oli Nauvuca" {-Tele rN++
                  | Regen+ Dex-2} (You bought it in a shop on level 3 of the
                  | Vaults)
 52531 | Vaults:4 | Reached XP level 22. HP: 162/202 MP: 0/22
 52533 | Vaults:4 | Received a gift from Trog
 52939 | Vaults:4 | Reached skill level 21 in Dodging
 53283 | Vaults:4 | Noticed Zenata
 53570 | Vaults:4 | Reached skill level 15 in Shields
 53901 | Vaults:4 | Noticed Xtahua
 53909 | Vaults:4 | Killed Xtahua
 53925 | Vaults:4 | Noticed Frederick
 53932 | Vaults:4 | Killed Frederick
 54144 | Vaults:4 | Identified the +1 plate armour of the Undertaker {Harm
                  | rElec rPois Str-4}
 54423 | Depths:1 | Entered Level 1 of the Depths
 54445 | D:15     | Received a gift from Trog
 55031 | Depths:1 | Acquired a +1 demon trident of electrocution
 55165 | Depths:1 | Found a one-way gateway to a ziggurat.
 55765 | Depths:1 | Found a gateway to Hell.
 55958 | Depths:1 | Found a runed translucent gate.
 55961 | Depths:1 | Found a runed translucent gate.
 55961 | Depths:1 | Found a runed translucent gate.
 55961 | Depths:1 | Found an ancient bone altar of Kikubaaqudgha.
 55961 | Depths:1 | Noticed an ancient lich
 55962 | Depths:1 | Noticed Ceecw's ghost (journeyman MiBe)
 55962 | Depths:1 | Noticed a dread lich
 55962 | Depths:1 | Noticed a dread lich
 56092 | Depths:1 | Found a one-way gate to the infinite horrors of the Abyss.
 56268 | Depths:1 | Found a one-way gate leading to the halls of Pandemonium.
 57775 | Depths:2 | Received a gift from Trog
 57894 | Depths:2 | Found a runed translucent gate.
 57912 | Depths:2 | Found a runed translucent gate.
 57924 | Depths:2 | Reached XP level 23. HP: 171/211 MP: 0/23
 57960 | Depths:2 | Found a runed translucent gate.
 57961 | Depths:2 | Noticed Xuapopt's ghost (adept MiBe)
 57961 | Depths:2 | Noticed inmateoo's ghost (veteran MiFi)
 57961 | Depths:2 | Noticed Vorhees's ghost (adept TrGl)
 58581 | Depths:2 | Reached skill level 22 in Dodging
 58817 | Depths:2 | Noticed a juggernaut
 58823 | Depths:2 | Noticed a golden dragon
 58832 | Depths:2 | Received a gift from Trog
 59507 | Depths:2 | Killed a juggernaut
 59514 | Depths:2 | Killed a golden dragon
 59604 | Depths:2 | Paralysed by a floating eye for 3 turns
 60852 | Depths:3 | Paralysed by an air elemental for 1 turns
 60866 | Depths:3 | Paralysed by an air elemental for 1 turns
 60992 | Depths:3 | Noticed a golden dragon
 60992 | Depths:3 | an acid blob changed into a golden dragon
 60994 | Depths:3 | a golden dragon changed into a rockslime
 61152 | Depths:3 | Noticed a shard shrike
 61153 | Depths:3 | Noticed a caustic shrike
 61154 | Depths:3 | a caustic shrike changed into an acid blob
 61157 | Depths:3 | Noticed a golden dragon
 61157 | Depths:3 | an acid blob changed into a golden dragon
 61161 | Depths:3 | a golden dragon changed into an iron dragon
 61165 | Depths:3 | Noticed a juggernaut
 61165 | Depths:3 | a shard shrike changed into a juggernaut
 61166 | Depths:3 | a juggernaut changed into an iron giant
 61190 | Depths:3 | Received a gift from Trog
 61840 | Depths:3 | Paralysed by an air elemental for 1 turns
 61844 | Depths:3 | Paralysed by an air elemental for 1 turns
 61851 | Depths:3 | Paralysed by an air elemental for 1 turns
 61967 | Depths:3 | Paralysed by an air elemental for 1 turns
 63054 | Depths:3 | Paralysed by an air elemental for 1 turns
 63059 | Depths:3 | Paralysed by an air elemental for 1 turns
 63065 | Depths:3 | Paralysed by an air elemental for 1 turns
 63069 | Depths:3 | Paralysed by an air elemental for 1 turns
 63179 | Depths:3 | Reached XP level 24. HP: 211/222 MP: 7/23
 63404 | Depths:4 | Entered Level 4 of the Depths
 63581 | Depths:4 | Found a glowing silver altar of Zin.
 63735 | Depths:4 | Noticed Parghit
 63782 | Depths:4 | Killed Parghit
 64819 | Shoals:4 | Bought a scroll of enchant weapon for 105 gold pieces
 64962 | Slime:1  | Entered Level 1 of the Pits of Slime
 65212 | Slime:3  | Lost mutation: You are robust. (+10% HP) [a shining eye]
 65283 | Slime:5  | Entered Level 5 of the Pits of Slime
 65837 | Slime:5  | Reached skill level 23 in Dodging
 65895 | Slime:5  | Noticed the Royal Jelly
 65912 | Slime:5  | Killed the Royal Jelly
 66675 | Slime:5  | Paralysed by a floating eye for 2 turns
 66989 | Slime:5  | Gained mutation: You are somewhat resistant to further
                  | mutation. [a shining eye]
 67022 | Slime:5  | Identified the +5 great mace of the Building Lamprey
                  | {venom, rF+ rCorr SInv}
 67038 | Slime:5  | Identified the +1 chain mail "Fyzir" {rCorr Str+4 Int-3}
 67053 | Slime:5  | Got a slimy rune of Zot
 67113 | Slime:5  | Identified the +2 tower shield of the Gnashing Gods {rPois
                  | Int+4}
 67135 | Slime:5  | Identified the +6 battleaxe "Ocon" {antimagic, rElec rCorr
                  | SInv Stlth-}
 67650 | Vaults:5 | Entered Level 5 of the Vaults
 67713 | Vaults:4 | Killed Zenata
 68457 | Vaults:5 | Identified the +2 flail of the Sufficient God {speed, Int+5
                  | Stlth+}
 68479 | Vaults:5 | Identified the +6 halberd of Starshine {freeze, rC+ Int+2}
 68644 | Vaults:5 | Identified the +10 broad axe of Sharp Defence {flame,
                  | rElec}
 69109 | Vaults:5 | Reached XP level 25. HP: 204/210 MP: 13/23
 69140 | Vaults:5 | Received a gift from Trog
 69182 | Vaults:5 | Found the +10 dark maul {vorpal}
 69427 | Vaults:5 | Noticed an ancient lich
 69440 | Vaults:5 | Killed an ancient lich
 69705 | Vaults:5 | Identified the +4 scimitar of Destiny {freeze, rN+ Will+}
 69917 | Vaults:5 | Got a silver rune of Zot
 70377 | Vaults:5 | Reached skill level 24 in Dodging
 70756 | Vaults:5 | Noticed a dread lich
 70771 | Vaults:5 | Killed a dread lich
 71245 | Vaults:5 | Identified the +2 troll leather armour of the Wizarding
                  | Gods {rPois Regen+}
 71440 | Vaults:5 | Noticed Mennas
 71475 | Vaults:5 | Killed Mennas
 71488 | Vaults:5 | Reached skill level 15 in Armour
 71684 | Vaults:5 | Identified the +1 plate armour of Dueh {rC+}
 72858 | Snake:2  | Bought 5 javelins for 76 gold pieces
 73181 | Vaults:3 | Bought a potion of might for 144 gold pieces
 74068 | Depths:4 | Identified the +1 demon whip of the Shark {venom, Fragile
                  | rElec rF+}
 74068 | Depths:4 | Identified the ring of Monu {Fire Will+}
 75067 | Depths:4 | Found a gate to the Realm of Zot.
 75402 | Zot:1    | Entered Level 1 of the Realm of Zot
 75666 | Zot:1    | Upgraded the game from 0.29-a0-845-g6161e89988 to
                  | 0.29-a0-857-g9b1aa3ac5b
 75777 | Zot:1    | Noticed an orb of fire
 75806 | Zot:1    | Killed an orb of fire
 76791 | Zot:1    | You fall into a shaft and drop 1 floor!
 77201 | Zot:2    | Reached XP level 26. HP: 202/222 MP: 21/23
 79605 | Zot:1    | Found the +4 dragonskin cloak
 79605 | Zot:1    | Identified the ring "Niofuch" {Fly rElec rF++ MP-9 SInv}
 79605 | Zot:1    | Noticed Tiamat
 79641 | Zot:1    | Killed Tiamat
 79956 | Zot:1    | Identified the +0 longbow of Theory {vorpal, *Slow rCorr
                  | Dex+5}
 80705 | Zot:2    | Found a runed translucent gate.
 80705 | Zot:2    | Found a runed translucent gate.
 80705 | Zot:2    | Found a runed translucent gate.
 81312 | Zot:2    | Noticed Xiuhytzi's ghost (adept MiFi)
 82080 | Zot:3    | Received a gift from Trog
 83240 | Zot:3    | Reached XP level 27. HP: 221/231 MP: 16/23
 84855 | Zot:3    | Identified the +10 lajatang "Coopneecw" {antimagic, rElec
                  | rC- rN++ SInv} (Trog gifted it to you on level 3 of the
                  | Realm of Zot)
 84855 | Zot:3    | Received a gift from Trog
 86158 | Zot:5    | Entered Level 5 of the Realm of Zot
 87671 | Zot:5    | Received a gift from Trog
 87724 | Zot:5    | Noticed an orb of fire
 87724 | Zot:5    | Noticed an orb of fire
 87759 | Zot:5    | Gained mutation: You sometimes lose your temper in combat.
                  | [an orb of fire]
 87761 | Zot:5    | Killed an orb of fire
 88163 | Zot:5    | Noticed an orb of fire
 88184 | Zot:5    | Killed an orb of fire
 88292 | Zot:5    | Noticed an orb of fire
 88322 | Zot:5    | Killed an orb of fire
 88513 | Zot:5    | Killed an orb of fire
 88623 | Zot:5    | Reached skill level 25 in Dodging
 88878 | Zot:5    | Noticed an orb of fire
 88884 | Zot:5    | Noticed an orb of fire
 88884 | Zot:5    | Noticed an orb of fire
 88884 | Zot:5    | Noticed an ancient lich
 88885 | Zot:5    | Gained mutation: You have an uncontrollable temper. [an orb
                  | of fire]
 88921 | Zot:5    | Noticed an ancient lich
 88940 | Zot:5    | Killed an orb of fire
 88953 | Zot:5    | Killed an ancient lich
 88972 | Zot:5    | Killed an orb of fire
 89349 | Zot:4    | Lost mutation: You have supernaturally acute eyesight.
                  | (SInv) [potion of mutation]
 89349 | Zot:4    | Lost mutation: You are strong-willed. (Will+) [potion of
                  | mutation]
 89349 | Zot:4    | Lost mutation: You have an uncontrollable temper. [potion
                  | of mutation]
 89350 | Zot:4    | Lost mutation: You are somewhat resistant to further
                  | mutation. [potion of mutation]
 89350 | Zot:4    | Lost mutation: You sometimes lose your temper in combat.
                  | [potion of mutation]
 89350 | Zot:4    | Gained mutation: You are weak. (Str -2) [potion of
                  | mutation]
 89350 | Zot:4    | Gained mutation: You are clumsy. (Dex -2) [potion of
                  | mutation]
 89350 | Zot:4    | Gained mutation: You have a pair of small horns on your
                  | head. [potion of mutation]
 89351 | Zot:4    | Lost mutation: You are weak. (Str -2) [potion of mutation]
 89351 | Zot:4    | Lost mutation: You have a pair of small horns on your head.
                  | [potion of mutation]
 89351 | Zot:4    | Lost mutation: You are clumsy. (Dex -2) [potion of
                  | mutation]
 89351 | Zot:4    | Gained mutation: You are partially covered in iridescent
                  | scales. (AC +2) [potion of mutation]
 89351 | Zot:4    | Gained mutation: You have a pair of small antennae on your
                  | head. [potion of mutation]
 89351 | Zot:4    | Gained mutation: You have a beak for a mouth. [potion of
                  | mutation]
 89627 | Zot:5    | Gained mutation: You sometimes lose your temper in combat.
                  | [an orb of fire]
 89648 | Zot:5    | Killed an orb of fire
 89940 | Zot:5    | Killed an ancient lich
 89965 | Zot:5    | Lost mutation: You are partially covered in iridescent
                  | scales. (AC +2) [potion of mutation]
 89965 | Zot:5    | Lost mutation: You have a pair of small antennae on your
                  | head. [potion of mutation]
 89965 | Zot:5    | Lost mutation: You sometimes lose your temper in combat.
                  | [potion of mutation]
 89965 | Zot:5    | Gained mutation: Your body sometimes deteriorates upon
                  | taking damage. [potion of mutation]
 89965 | Zot:5    | Gained mutation: Armour fits poorly on your strangely
                  | shaped body. [potion of mutation]
 89965 | Zot:5    | Gained mutation: You are somewhat resistant to further
                  | mutation. [potion of mutation]
 89966 | Zot:5    | Lost mutation: Your body sometimes deteriorates upon taking
                  | damage. [potion of mutation]
 89966 | Zot:5    | Lost mutation: You are somewhat resistant to further
                  | mutation. [potion of mutation]
 89966 | Zot:5    | Lost mutation: You have a beak for a mouth. [potion of
                  | mutation]
 89966 | Zot:5    | Gained mutation: You have supernaturally acute eyesight.
                  | (SInv) [potion of mutation]
 89966 | Zot:5    | Gained mutation: You have a pair of small horns on your
                  | head. [potion of mutation]
 89967 | Zot:5    | Lost mutation: Armour fits poorly on your strangely shaped
                  | body. [potion of mutation]
 89967 | Zot:5    | Lost mutation: You have supernaturally acute eyesight.
                  | (SInv) [potion of mutation]
 89967 | Zot:5    | Gained mutation: You possess an exceptional clarity of
                  | mind. [potion of mutation]
 89967 | Zot:5    | Gained mutation: You occasionally shout uncontrollably at
                  | your foes. [potion of mutation]
 89967 | Zot:5    | Gained mutation: You have hidden genetic potential. [potion
                  | of mutation]
 90011 | Zot:5    | Reached skill level 26 in Dodging
 90666 | Zot:5    | Got the Orb of Zot
 90849 | D:15     | Noticed a seraph
 90968 | D:9      | Gained mutation: You are frail. (-10% HP) [a cacodemon]
 90984 | D:9      | Noticed Coshruos the pandemonium lord
 91183 | D:$      | Escaped with the Orb!

Illustrated notes

Levels and vault maps discovered:
D:1:      minmay_arrival_five_plusses, layout_loops_ring,
          shapermc_ecumenical_altar_acropolis, dreamdust_princess_corridor
D:2:      layout_basic, serial_shops, shop
D:3:      layout_rooms, mainiacjoe_overflow_boulevard, serial_forest,
          infiniplex_forest_corner_1, infiniplex_forest_diagonal,
          infiniplex_forest_end_2, infiniplex_forest_clump_curved,
          infiniplex_forest_clump_tiny, infiniplex_forest_end_3,
          infiniplex_forest_side_room, uniq_jessica, uniq_sigmund
D:4:      layout_cave_pods, mainiacjoe_overflow_paths,
          minmay_temple_entry_ruins, uniq_blork_the_orc
D:5:      layout_gridville, uniq_duvessa, uniq_prince_ribbit1, uniq_eustachio
D:6:      layout_cave_pools, mainiacjoe_overflow_surrounded_room,
          mrwooster_statue_mirror, uniq_pikel
D:7:      layout_gridville, supply_closet_lemuel
D:8:      layout_gridville, erik_lair_island, biasface_ghost_orc_armoury,
          minmay_misc_feat_rows, st_stairs_6
D:9:      layout_long_grid
D:10:     layout_rooms, fedhas_altar_2, zombieorc2_lemuel,
          nicolae_trove_entry_isolated, minivault_7
D:11:     layout_rooms, minivault_12
D:12:     minmay_the_grid_3x3 [minmay_the_grid_fan,
          minmay_the_grid_minigrid_small_alt, minmay_the_grid_small_cups,
          minmay_the_grid_tree, minmay_the_grid_zigzag_pyramid,
          minmay_the_grid_gridbox, minmay_the_grid_tri_star,
          minmay_the_grid_plusring, minmay_the_grid_prize_diamond_cup],
          layout_basic, special_room [special_room_orc], uniq_gastronok,
          uniq_sonja, uniq_azrael
D:13:     minmay_octo_star, layout_stronghold, glass_columns_b
D:14:     layout_long_grid, ebering_ghost_xom, minmay_misc_feat_iff,
          corexii_checkpoint_a
D:15:     grunt_enter_depths_hoard, layout_cave_pods, serial_park,
          serial_park_square1 [serial_park_minivault_5x5_7], serial_park_square3
          [serial_park_minivault_5x5_6], serial_park_square2,
          serial_park_tiny_pond, chequers_serial_rivers_room_b
Lair:1:   layout_cave_shapes, lemuel_fruit_tree, uniq_amaemon, uniq_maggie
Lair:2:   layout_cave_pods, minmay_snake_entry_six_corridors,
          chequers_serial_rivers_marsh, uniq_nergalle
Lair:3:   layout_cave_pods, ldierk_geyser, infiniplex_staircase_pool
Lair:4:   layout_regular_city, elwin_shoals_entry_rooms,
          kennysheep_basilisk_garden
Lair:5:   wad_woods_structure_01, layout_hall_layers, slime_entry_1
Lair:6:   grunt_lair_end_beastmaster, layout_cave_shapes, serial_bayou_pond_e,
          st_stairs_8, chequers_serial_rivers_micro_e, kilobyte_rumbling_trees
Shoals:1: layout_shoals, st_sunken_temple
Shoals:2: cheibrodos_shoals_three_sisters, layout_shoals,
          nicolae_shoals_undead_eyrie
Shoals:3: layout_shoals, uniq_ilsuiw
Shoals:4: shoals_end_simple, layout_shoals, serial_shops, shop,
          nicolae_shoals_goliath_grotto
Snake:1:  gammafunk_its_a_trap, layout_misc_corridors, uniq_mlioglotl
Snake:2:  layout_cave_shapes, serial_shops, shop, nicolae_stop_n_shop_1,
          nicolae_shop_window_shopping, uniq_roxanne
Snake:3:  layout_chambers, basic_altar, serial_shops, nicolae_shop_trees,
          uniq_louise
Snake:4:  snake_pit, layout_misc_corridors, uniq_saint_roka, uniq_agnes
Slime:1:  layout_caves
Slime:2:  layout_caves
Slime:3:  layout_caves, nicolae_slime_round_cave
Slime:4:  layout_caves
Slime:5
Orc:1:    layout_caves, portal_ice_cave_entry_animals_and_master, uniq_jorgrun
Orc:2:    st_orc_ogre_mass, layout_caves
Elf:1:    layout_loops_corners, serial_shops, nicolae_square_shop,
          nicolae_elf_crossing_hall
Elf:2:    nicolae_elf_blades_splatter_lattice [infiniplex_blade_entry_pillars],
          layout_geoelf_octagon, minmay_shop_star, lemuel_upstairs_altar
Elf:3:    grunt_elf_hall_branching, layout_loops_corners,
          hellmonk_ghost_big_iron
Vaults:1: nicolae_vaults_border_crossing, grunt_vaults_hallway_long,
          vaults_room_ringed_pool, vaults_room_door_ring,
          nicolae_vaults_twisting_passages, grunt_vaults_hallway_long, v_misc_1,
          vaults_room_door_hall, nicolae_vaults_big_angled_halls,
          ontoclasm_vaults_hangar, dpeg_vaults_monster_box,
          nicolae_vaults_mini_display_case, layout_vaults_omnigrid,
          serial_shops, shop
Vaults:2: nicolae_vaults_specimen_jars, v_misc_17,
          nicolae_vaults_disjoint_gnomons, ontoclasm_vaults_ring_square,
          st_lines, nicolae_vaults_alarming, ontoclasm_vaults_tryst, v_rooms_4,
          vaults_room_semicircle, hangedman_vaults_restitches,
          nicolae_vaults_network_star, ontoclasm_vaults_pinch,
          ontoclasm_vaults_eye, nicolae_vaults_gold_heap, layout_vaults_omnibox
Vaults:3: nicolae_vaults_ninety_degrees, v_misc_18, nicolae_vaults_theta,
          minmay_crypt_entry_simple_sparse, hangedman_vaults_pinch, v_misc_23,
          nicolae_vaults_rhombus_7, vaults_dpeg_diagonal,
          hangedman_vaults_cutoff, v_misc_15, v_misc_17, layout_vaults_big_room,
          serial_shops, shop_fountains, shop, shop, shop, shop
Vaults:4: ontoclasm_vaults_gallery, v_misc_16, hangedman_vaults_nails,
          hangedman_vaults_slither, v_alt_pattern_2,
          nicolae_vaults_ring_of_whatevers, grunt_vaults_funnel,
          layout_vaults_ring, uniq_frederick, uniq_xtahua, uniq_zenata
Vaults:5: serial_shops, uniq_mennas
Depths:1: layout_gridlike, enter_ziggurat_f, hellmouth_1,
          grunt_pan_entry_spiral, gammafunk_ghost_crypt, serial_glass,
          glass_columns_a, glass_columns_a, abyss_entry, nrook_mini_vaults,
          horrible_house_mu
Depths:2: grunt_bent_corner, layout_basic, pan_entry, minmay_misc_feat_square,
          hell_entry, gammafunk_ghost_cemetery, chequers_serial_rivers_small_b,
          nicolae_kite_square_tiling_tiny, bh_walls_and_bars
Depths:3: radiant_caverns_b_rkd, pan_entry, hell_entry, abyss_entry
Depths:4: grunt_zot_entry_alcove, layout_long_grid, zin_angel, hellmouth_2,
          rand_demon_pan_entry_3, serial_bayou_shore_a, uniq_parghit
Zot:1:    layout_cellular_growth, st_grand_hoard_of_tiamat
Zot:2:    layout_misc_corridors, gammafunk_ghost_tricky_traps,
          hangedman_zot_decor_checkerboard, hangedman_zot_wheel_spokes,
          grunt_megastairs_3
Zot:3:    gammafunk_mikee_crab_dinner, layout_gridlike, nicolae_zot_crop_circle
Zot:4:    lemuel_firehouse, layout_concentric_octagons
Zot:5:    layout_concentric_octagons

Skill      XL: |  1  2  3  4  5  6  7  8  9 10 11 12 13 14 15 16 17 18 19 20 21 22 23 24 25 26 27 |
---------------+----------------------------------------------------------------------------------+-----
Dodging        | 3 4 5 6 8 9 10 11 12 14 15 16 17 18 19 20 21 22 23 24 26 | 26.0
Polearms       | 5 6 7 9 11 12 14 | 14.0
Fighting       | 4 5 6 7 8 9 10 11 12 13 14 15 16 17 18 19 20 21 22 | 22.0
Armour         | 2 3 4 5 6 7 8 9 10 11 12 13 14 15 17 19 | 19.4
Evocations     | 1 2 3 4 5 6 7 8 9 10 11 12 13 14 15 16 17 18 19 20 | 20.0
Throwing       | 2 4 6 7 8 10 11 12 13 14 15 16 17 | 17.0
Shields        | 1 4 6 7 9 10 11 12 13 14 15 16 17 18 19 20 | 20.0

Action                   |  1- 3 |  4- 6 |  7- 9 | 10-12 | 13-15 | 16-18 | 19-21 | 22-24 | 25-27 || total
-------------------------+-------+-------+-------+-------+-------+-------+-------+-------+-------++-------
Melee: Spear             |    70 |   224 |   280 |  1402 |  2422 |   435 |       |       |       ||  4833
       Punch             |     2 |     5 |     5 |    14 |       |       |       |       |       ||    26
       Tailslap          |       |       |       |       |     3 |    11 |    18 |     8 |       ||    40
       Demon trident     |       |       |       |       |       |  1319 |  2047 |  2652 |  2846 ||  8864
       Peck              |       |       |       |       |       |       |       |       |    20 ||    20
       Headbutt          |       |       |       |       |       |       |       |       |    16 ||    16
       Unarmed           |       |       |       |       |       |       |       |       |     1 ||     1
Throw: Boomerang         |       |       |       |     6 |    28 |   186 |    46 |   125 |   222 ||   613
       Javelin           |       |       |       |       |       |       |       |    46 |    37 ||    83
       Dart              |       |       |       |       |       |       |       |     2 |    12 ||    14
Invok: Berserk           |     3 |     4 |     9 |    23 |    14 |    12 |    11 |    11 |     5 ||    92
       Trog's Hand       |       |     1 |     1 |     5 |    11 |     7 |    27 |    14 |    16 ||    82
       Brothers in Arms  |       |       |       |       |     6 |     5 |     3 |     6 |     8 ||    28
Evoke: Wand              |       |       |     3 |    17 |    20 |     9 |    16 |     2 |    16 ||    83
       Box of beasts     |       |       |       |       |       |     5 |     2 |     1 |     6 ||    14
       Phantom mirror    |       |       |       |       |       |     1 |       |       |       ||     1
       Phial of floods   |       |       |       |       |       |       |     1 |       |       ||     1
       Condenser vane    |       |       |       |       |       |       |     1 |     3 |       ||     4
       Lightning rod     |       |       |       |       |       |       |       |     4 |       ||     4
       Tin of tremorston |       |       |       |       |       |       |       |     3 |     5 ||     8
  Use: Potion            |       |       |       |     5 |     2 |     2 |     6 |     3 |    24 ||    42
       Scroll            |       |       |       |    21 |     6 |    10 |     8 |    25 |    18 ||    88
 Stab: Sleeping          |     8 |     1 |     1 |       |       |       |       |       |       ||    10
       Distracted        |       |       |       |     1 |     2 |     1 |       |     3 |     3 ||    10
       Paralysed         |       |       |       |     6 |       |       |       |     2 |     6 ||    14
       Petrified         |       |       |       |       |    16 |       |       |       |       ||    16
       Invisible         |       |       |       |       |       |     3 |       |       |       ||     3
Armor: Animal skin       |     7 |     1 |       |       |       |       |       |       |       ||     8
       Scale mail        |       |    30 |       |       |       |       |       |       |       ||    30
       Ring mail         |       |    18 |    60 |   191 |   227 |   168 |   108 |       |       ||   772
       Plate armour      |       |       |       |       |       |       |   160 |   355 |       ||   515
       Gold dragon scale |       |       |       |       |       |       |       |   339 |   877 ||  1216
Dodge: Dodged            |    25 |    93 |   156 |   556 |  1039 |   772 |   693 |   690 |   697 ||  4721
Block: Buckler           |       |       |       |    41 |   299 |       |       |       |       ||   340
       Kite shield       |       |       |       |       |    53 |   805 |  1041 |       |       ||  1899
       Reflection        |       |       |       |       |       |    66 |   106 |    48 |    43 ||   263
       Tower shield      |       |       |       |       |       |       |    91 |  2505 |  2384 ||  4980

Table legend: (Time is in decaauts)
 A = Elapsed time spent in this place.
 B = Non-inter-level travel time spent in this place.
 C = Inter-level travel time spent in this place.
 D = Time resting spent in this place.
 E = Time spent auto-exploring this place.
 F = Levels seen in this place.
 G = Mean time per level.
                   A        B        C        D        E       F      G
               +--------+--------+--------+--------+--------+-----+--------+
         Total |  86807 |  79123 |   7684 |  17291 |  31070 |  54 | 1607.5 |
       Dungeon |  18356 |  15909 |   2447 |   1887 |   7438 |  15 | 1223.7 |
          Lair |   9793 |   8057 |   1736 |    557 |   4438 |   6 | 1632.2 |
        Shoals |   3963 |   3610 |    353 |    581 |    618 |   4 |  990.8 |
     Snake Pit |   4913 |   4619 |    294 |    507 |   1902 |   4 | 1228.2 |
    Slime Pits |   2189 |   2189 |      0 |   1128 |      0 |   5 |  437.8 |
  Orcish Mines |   2017 |   1874 |    143 |    273 |    859 |   2 | 1008.5 |
   Elven Halls |   5463 |   5008 |    455 |    577 |   2120 |   3 | 1821.0 |
        Vaults |  14528 |  13072 |   1456 |   2654 |   6620 |   5 | 2905.6 |
        Depths |  11452 |  11150 |    302 |   4007 |   3644 |   4 | 2863.0 |
           Zot |  14103 |  13609 |    494 |   5116 |   3429 |   5 | 2820.6 |
         Abyss |     27 |     27 |      0 |      0 |      0 |   1 |   27.0 |
               +--------+--------+--------+--------+--------+-----+--------+

Top non-repeatable levels by time:
   Zot:1: 4074 daAuts
Vaults:5: 3877 daAuts
Depths:1: 3742 daAuts
Vaults:1: 3240 daAuts
   Zot:5: 3148 daAuts
   Zot:3: 2794 daAuts
Vaults:4: 2751 daAuts
Depths:3: 2740 daAuts
Depths:4: 2707 daAuts
Vaults:2: 2661 daAuts
   Zot:4: 2467 daAuts
Depths:2: 2262 daAuts
    D:15: 2233 daAuts
   Elf:3: 2220 daAuts
  Lair:5: 2080 daAuts
